 Dungeon Crawl Stone Soup version 0.28-a0-1624-g820543e53a (webtiles) character file.

Game seed: 9807148961474235206

65 hashsling the Ruffian (level 3, -6/43 HPs)
             Began as a Draconian Transmuter on Jan 23, 2022.
             Killed by divine providence
             ... invoked by an orc priest
              (12 damage)
             ... on level 3 of the Dungeon.
             The game lasted 00:04:32 (2054 turns).

hashsling the Ruffian (Draconian Transmuter)        Turns: 2054, Time: 00:04:33

Health: -6/43      AC: 21    Str: 14    XL:     3   Next: 94%
Magic:  3/6        EV:  2    Int: 13    God:
Gold:   35         SH:  0    Dex: 11    Spells: 4/7 levels left

rFire   . . .      SeeInvis .     - Unarmed
rCold   . . .      Faith    .   (no shield)
rNeg    . . .      Spirit   .   (armour unavailable)
rPois   +          Reflect  .   (helmet currently unavailable)
rElec   .          Harm     .   (cloak currently unavailable)
rCorr   .          Rampage  .   (gloves currently unavailable)
Will    .....      NoTele   +   (boots currently unavailable)
Stlth   +.........              f - amulet of magic regeneration
HPRegen 0.14/turn               (no ring)
MPRegen 0.50/turn               (no ring)

@: tree-form, wereblooded, very slightly contaminated
A: stationary, stasis, torment immunity, boosted hp, AC +5, unfitting armour,
(cold-blooded)
a: no special abilities


You were on level 3 of the Dungeon.
You were a tree.
You visited 1 branch of the dungeon, and saw 3 of its levels.

You collected 35 gold pieces.

Inventory:

Missiles
 b - 4 datura-tipped darts
 c - 2 poisoned darts
Armour
 h - a scarf of repulsion (melded)
Jewellery
 f - an amulet of magic regeneration (around neck)
Scrolls
 a - a scroll of teleportation {unknown}
 e - a scroll of enchant armour {unknown}
 g - a scroll of silence {unknown}
 i - a scroll of immolation {unknown}
Potions
 d - a potion of cancellation {unknown}
 j - a potion of lignification


   Skills:
 + Level 2.0 Fighting
 + Level 2.3 Dodging
 + Level 3.4 Unarmed Combat
 * Level 2.5 Spellcasting
 + Level 2.5 Transmutations


You had 4 spell levels left.
You knew the following spells:

 Your Spells              Type           Power      Damage    Failure   Level
a - Beastly Appendage     Tmut           16%        N/A       9%          1
b - Wereblood             Tmut           8%         N/A       13%         2

Your spell library contained the following spells:

 Spells                   Type           Power      Damage    Failure   Level
 Magic Dart               Conj           4%         1d3       24%         1
 Searing Ray              Conj           2%         2d4       36%         2
 Spider Form              Tmut/Pois      4%         N/A       41%         3
 Ice Form                 Ice/Tmut       4%         N/A       82%         4
 Fulminant Prism          Conj/Hex       0%         3d6       94%         4


Dungeon Overview and Level Annotations

Branches:
Dungeon (3/15)

Altars:


Innate Abilities, Weirdness & Mutations

You are a tree.
Your roots penetrate the ground, keeping you stationary.
You cannot be teleported.
You are immune to unholy pain and torment.
Your maximum health is greatly increased.
Your equipment is partially melded.
((Your plain brown scales are hard. (AC +5)))
You cannot fit into any form of body armour.
((You are cold-blooded and may be slowed by cold attacks.))


Message History

The orc wizard barely misses you.
The orc priest calls down the wrath of Beogh upon you.
Pain shoots through your body! The orc hits you with a +0 mace.
You bump into the rock wall.
The orc wizard barely misses you.
The orc priest invokes the aid of Beogh against you.
You barely resist. The orc barely misses you.
You bump into the rock wall.
The orc wizard hits you with a +0 dagger.
The orc priest miscasts a cantrip.
The orc hits you with a +0 mace.
You miss the orc wizard. Your kick misses the orc wizard.
Your tail-slap misses the orc wizard.
You feel less confused. The orc wizard closely misses you.
The orc priest hits you with a +0 club.
* * * LOW HITPOINT WARNING * * *
Casting: Beastly Appendage (safe; 9% risk of failure)
Confirm with . or Enter, or press ? or * to list all spells.
You miscast Wereblood.
You are very lightly contaminated with residual magic.
Nothing appears to happen.
The orc closely misses you. The orc wizard closely misses you.
The orc priest calls down the wrath of Beogh upon you.
You barely resist.
Casting: Wereblood (safe; 13% risk of failure)
Confirm with . or Enter, or press ? or * to list all spells.
Your blood is infused with primal strength.
The orc hits you with a +0 mace.
* * * LOW HITPOINT WARNING * * *
The orc wizard hits you but does no damage.
The orc priest barely misses you.
It was a potion of lignification.
Your horns disappear.
Your talons disappear.
You turn into a tree.
Your scarf of repulsion melds into your body.
The haze of the repulsion field disappears.
Your roots penetrate the ground.
The orc hits you but does no damage.
The orc wizard hits you but does no damage.
The orc priest invokes the aid of Beogh against you.
Beogh smites you!
You die...

>.#
####............
..#
#............
###
#............
#.....#######
#.....######
#..........#
#..........#
####.oo....#
#.o♣....#
.....########
..... .....
.##.. #..


You could see an orc priest, an orc wizard and an orc.

Vanquished Creatures
  2 adders (D:2)
  A worm (D:2)
  4 bats
  An endoplasm (D:2)
  3 hobgoblins
  2 jackals (D:2)
  4 quokkas
  13 ball pythons
  2 frilled lizards (D:1)
  6 goblins
  3 kobolds (D:1)
41 creatures vanquished.

Notes
Turn   | Place    | Note
-------+----------+-------------------------------------------
     0 | D:1      | hashsling the Draconian Transmuter began the quest for the
                  | Orb.
     0 | D:1      | Reached XP level 1. HP: 16/16 MP: 3/3
   239 | D:1      | Reached XP level 2. HP: 19/23 MP: 3/5
  1124 | D:2      | Reached XP level 3. HP: 28/29 MP: 3/6
  1191 | D:2      | You fall into a shaft and drop 1 floor!
  1388 | D:2      | Learned a level 2 spell: Wereblood
  1973 | D:3      | Found a faded altar of an unknown god.
  2054 | D:3      | Killed from afar by an orc priest

Illustrated notes

Levels and vault maps discovered:
D:1:      minmay_arrival_four_houses, layout_loops_ring
D:2:      layout_loops_cross, minmay_shallow_snake_nest
D:3:      layout_basic, demons_altar, serial_shops, shop,
          ebering_ecumenical_altar_ruins, nicolae_elevator_lobby_plus,
          uniq_sigmund

Skill      XL: |  1  2  3 |
---------------+----------+-----
Dodging        | 2 |  2.3
Fighting       | 2 |  2.0
Unarmed Combat | |  3.4
Spellcasting   | |  2.5
Transmutations | |  2.5

Action                   || total
-------------------------++-------
Melee: Unarmed           ||   102
       Kick              ||    22
       Headbutt          ||     9
       Punch             ||     2
       Tailslap          ||     7
 Cast: Beastly Appendage ||    24
       Wereblood         ||     1
  Use: Potion            ||     1
Armor: Skin              ||    37
Dodge: Dodged            ||    82

Table legend: (Time is in decaauts)
 A = Elapsed time spent in this place.
 B = Non-inter-level travel time spent in this place.
 C = Inter-level travel time spent in this place.
 D = Time resting spent in this place.
 E = Time spent auto-exploring this place.
 F = Levels seen in this place.
 G = Mean time per level.
                   A        B        C        D        E       F      G
               +--------+--------+--------+--------+--------+-----+--------+
         Total |   2048 |   1969 |     79 |      0 |   1703 |   3 |  682.7 |
       Dungeon |   2048 |   1969 |     79 |      0 |   1703 |   3 |  682.7 |
               +--------+--------+--------+--------+--------+-----+--------+

Top non-repeatable levels by time:
     D:1: 958 daAuts
     D:2: 942 daAuts
     D:3: 146 daAuts
